AoeStats
← gg_noteam

Nomad

509752165Analyzed
3v3 RM · 5d ago on Sep 27, 2026· 27m 7s· 6 players
Game mode
Random Map
Map size
210×210
Population
200
Speed
Normal
Resources
Standard
Victory
Conquest
Starting age
Dark Age
Ending age
Imperial Age
RankedLock teamsTeams togetherTeam positionsShared explorationLock speedFull tech treeHidden civsTurbo modeCheats
Victory
Defeat
🇧🇷 Persians · Brazil
1491
+16
🇧🇷 Britons · Brazil
1442
+18
🇧🇷 Spanish · Brazil
1343
+23
🇵🇪 Danes · Peru
1524
-20
🇦🇷 Vikings · Argentina
1520
-20
🇦🇷 Wu · Argentina
1439
-17
Speaker
3:11 Loom
12:59 Feudal Age
17:41 Castle Age
15:33 Arson
16:39 Forging
17:01 Scale Mail Armor
17:02 Town Watch
17:39 Fishing Lines
25:16 Squires
Leandro Pared10s
4:45 Loom
12:04 Feudal Age
13:59 Fletching
18:32 Castle Age
16:59 Gold Mining
17:30 Double-Bit Axe
21:38 Bodkin Arrow
gg_noteam
3:09 Loom
13:35 Feudal Age
17:07 Castle Age
GuguBot
4:32 Loom
12:28 Feudal Age
16:52 Castle Age
24:30 Fletching
hmourabraga
5:12 Loom
12:57 Feudal Age
17:06 Castle Age
15:51 Double-Bit Axe
16:17 Scale Barding Armor
17:53 Bow Saw
20:47 Chain Barding Armor
20:29 Horse Collar
21:23 Gold Mining
23:20 Fletching
24:29 Bodkin Arrow
Bet0
4:36 Loom
13:33 Feudal Age
17:08 Castle Age
16:10 Town Watch
16:44 Fletching
19:16 Bodkin Arrow
24:51 Padded Archer Armor
Connection lost

Rejoining the realm…

Still unreachable

The connection could not be restored.

Session expired

The server has moved on; the page needs a fresh start.